 Dungeon Crawl Stone Soup version 0.27.1-3-gb3d3a73c9e (webtiles) character file.

Game seed: 7935720848147187040

2 Urokeeper the Poker (level 1, 0/16 HPs)
             Began as a Merfolk Gladiator on Oct 8, 2021.
             Constricted to death by a ball python (1 damage)
             ... on level 1 of the Dungeon.
             The game lasted 00:01:33 (23 turns).

Urokeeper the Poker (Merfolk Gladiator)               Turns: 23, Time: 00:01:35

Health: 0/16       AC:  4    Str: 14    XL:     1   Next: 40%
Magic:  1/1        EV: 10    Int:  7    God:
Gold:   0          SH:  0    Dex: 15    Spells: 0/0 levels left

rFire    . . .     SeeInvis .   a - +0 trident
rCold    . . .     Faith    .   (no shield)
rNeg     . . .     Spirit   .   b - +0 leather armour
rPois    .         Reflect  .   c - +0 helmet
rElec    .         Harm     .   (no cloak)
rCorr    .         Rampage  .   (no gloves)
Will     .....                  (no boots)
Stlth    +.........             (no amulet)
HPRegen  0.05/turn              (no ring)
MPRegen  0.07/turn              (no ring)

@: constricted
A: (nimble swimmer 2), mertail
a: no special abilities


You were on level 1 of the Dungeon.
You visited 1 branch of the dungeon, and saw 1 of its levels.

Inventory:

Hand Weapons
 a - a +0 trident (weapon)
Missiles
 d - a throwing net (quivered)
Armour
 b - a +0 leather armour (worn)
 c - a +0 helmet (worn)


   Skills:
 + Level 2.3 Fighting
 + Level 4.5 Polearms
 - Level 2.0 Throwing
 + Level 4.1 Dodging


You couldn't memorise any spells.
You didn't know any spells.
Your spell library was empty.

Dungeon Overview and Level Annotations

Branches:
Dungeon (1/15)

Altars:


Innate Abilities, Weirdness & Mutations

((You are quick and stealthy near water. (Stealth+, EV+, Speed+++)))
Your lower body shifts to a powerful aquatic tail in water.


Message History

You escape the ball python's grasp.
The quokka bites you.
* * * LOW HITPOINT WARNING * * *
The quokka misses you. The goblin barely misses you.
Found 9 gold pieces.
The quokka bites you.
* * * LOW HITPOINT WARNING * * *
A giant cockroach comes into view.
You barely miss the quokka.
The quokka bites you but does no damage.
You hit the quokka but do no damage. The quokka closely misses you.
You closely miss the quokka. The quokka closely misses you.
The quokka barely misses you.
You closely miss the quokka. The giant cockroach closely misses you.
The quokka bites you but does no damage.
You puncture the quokka!
You kill the quokka!
The giant cockroach misses you.
You puncture the giant cockroach!
You kill the giant cockroach!
The ball python bites you but does no damage.
The ball python barely misses you. The ball python bites you.
* * * LOW HITPOINT WARNING * * *
The ball python grabs you. The ball python constricts you.
* * * LOW HITPOINT WARNING * * *
Unknown command.
Throw: 3 throwing nets
Press: ? - help, Q - select action Shift-Dir - straight line, f - ball python
Aim: a ball python (constricting you, 57% to hit)
You throw a throwing net.
The throwing net barely misses the ball python.
The throwing net closely misses the quokka.
The throwing net barely misses the goblin.
The ball python barely misses you. The ball python constricts you.
Throw: 2 throwing nets
Press: ? - help, Q - select action Shift-Dir - straight line, f/p - ball python
Aim: a ball python (constricting you, 57% to hit)
You throw a throwing net. The throwing net hits the ball python.
The ball python is caught in the net!
The ball python constricts you.
You die...

..####.........#
...............(.###
................(...
[............?...#
#...♣...........###...
#....8........gr......
#.........####r######
#.........# #S#
#.....<...# #@#
#.........# #.#
####...#### ..# ....##
.... ..... .....
#...... ..$....
#...... ........
#...... #........#


You could see a quokka, a goblin, a ball python (caught) and a rat.

Vanquished Creatures
  A giant cockroach (D:1)
  A quokka (D:1)
2 creatures vanquished.

Notes
Turn   | Place    | Note
-------+----------+-------------------------------------------
     0 | D:1      | Urokeeper the Merfolk Gladiator began the quest for the
                  | Orb.
     0 | D:1      | Reached XP level 1. HP: 16/16 MP: 1/1
    23 | D:1      | Constricted to death by a ball python

Illustrated notes

Levels and vault maps discovered:
D:1:      wander_arrival_lonely_grave, layout_rooms

Action                   || total
-------------------------++-------
Melee: Trident           ||    11
Throw: Throwing net      ||     2
Armor: Leather armour    ||     6
Dodge: Dodged            ||    20
